Map: Cosmic Sapphire

Players

RagnaroK (SHIN) - Winner!

  • Race: Zerg Zerg
  • Spawn Location: 11:00

Lambo

  • Race: Zerg Zerg
  • Spawn Location: 5:00

VOD

Have the link to the VOD?

Description

Time

  • Played on: Oct. 23, 2022, 9:35 p.m.
  • Length: 5:31
Show
View Real Time Build Order
Export as new Build Order

RagnaroK Zerg - Winner!

Build Orders: Pool First 

Get SALT Encoding   

  12  0:00  Drone  
  13  0:12  Overlord  
  13  0:17  Drone  
  14  0:33  Spawning Pool  
  13  0:36  Drone  
  13  0:40  Drone  
  15  0:44  Drone  
  15  0:48  Drone  
  17  1:09  Hatchery  
  16  1:20  Zergling x6  
  19  1:27  Queen  
  19  1:31  Drone  
  22  1:42  Overlord  
  22  1:45  Extractor  
  21  1:53  Drone  
  22  2:03  Queen, Drone  
  25  2:14  Drone  
  26  2:22  Queen  
  28  2:23  Drone  
  28  2:24  Drone  
  29  2:32  Drone  
  29  2:35  Drone  
  29  2:36  Drone x2  
  33  2:37  Drone  
  33  2:42  Overlord  
  33  2:47  Queen  
  35  2:52  Overlord  
  35  2:56  Metabolic Boost  
  35  3:02  Drone, Evolution Chamber  
  35  3:04  Drone  
  36  3:07  Drone  
  36  3:09  Drone  
  38  3:14  Drone x2  
  38  3:17  Drone  
  38  3:19  Drone  
  42  3:27  Roach Warren  
  41  3:31  Drone x3  
  44  3:35  Overlord  
  44  3:39  Overlord  
  44  3:50  Zergling x2  
  44  3:51  Zergling x4  
  44  3:52  Zergling x2  
  44  3:55  Zergling x2  
  49  3:59  Zergling x6  
  52  4:03  Zergling x6  
  52  4:05  Zergling x2  
  57  4:10  Zergling x2  
  57  4:14  Zergling x2  
  58  4:21  Overlord  
  58  4:25  Zergling x2  
  58  4:26  Hatchery  
  58  4:29  Zergling x2  
  58  4:30  Zergling x4  
  61  4:35  Drone x3, Extractor  
  63  4:39  Overlord  
  63  4:51  Drone x3  
  64  5:01  Drone x5  
  64  5:06  Overlord  
  67  5:08  Extractor  
Show
View Real Time Build Order
Export as new Build Order

Lambo Zerg 

Build Orders: Hatch First 

Get SALT Encoding   

  12  0:00  Drone  
  13  0:12  Overlord  
  13  0:16  Drone  
  14  0:31  Drone x2  
  16  0:48  Hatchery  
  15  0:50  Drone  
  15  0:54  Drone  
  17  0:57  Drone  
  18  1:08  Extractor  
  17  1:12  Spawning Pool  
  17  1:16  Drone  
  17  1:19  Drone  
  18  1:27  Drone  
  19  1:38  Drone  
  20  1:49  Drone  
  21  1:59  Queen x2  
  21  2:00  Zergling x2, Overlord  
  26  2:08  Metabolic Boost  
  26  2:12  Drone x2  
  28  2:22  Zergling x4  
  27  2:32  Drone x2  
  29  2:45  Overlord  
  29  2:46  Drone  
  30  2:53  Drone  
  30  2:55  Drone  
  32  3:04  Hatchery  
  32  3:05  Drone x2  
  33  3:10  Drone x3  
  33  3:11  Drone  
  37  3:15  Drone  
  37  3:17  Drone  
  37  3:19  Drone  
  40  3:21  Overlord  
  40  3:28  Drone  
  40  3:30  Queen  
  43  3:35  Overlord  
  43  3:42  Drone x2  
  43  3:43  Drone x3  
  43  3:44  Drone  
  43  3:46  Extractor  
  43  3:47  Drone  
  43  3:48  Drone  
  50  3:52  Evolution Chamber  
  50  3:53  Drone x2  
  51  4:03  Drone, Roach Warren  
  51  4:07  Extractor  
  50  4:11  Drone x2  
  50  4:12  Drone x2  
  53  4:17  Drone  
  53  4:18  Lair, Drone x2  
  53  4:19  Drone  
  53  4:21  Drone  
  53  4:23  Drone  
  59  4:28  Drone  
  59  4:29  Extractor  
  59  4:33  Evolution Chamber  
  59  4:40  Evolution Chamber  
  59  4:41  Overlord x2  
  56  4:52  Roach x2  
  60  4:55  Overlord x2  
  58  5:00  Overlord, Evolution Chamber  
  58  5:02  Roach x4  
  58  5:05  Roach Warren  
  64  5:09  Evolution Chamber  
  64  5:14  Zergling x2  
Tags
 
Add a new tag
Caveats
  • Supply blocks, unpowered buildings, or Contaminate may cause inaccurate times.
  • Supply counts are checked every 10 seconds.